 Dungeon Crawl Stone Soup version 0.16-a0-1885-g0f03bb0 (webtiles) character file.

2748 timbw the Cleaver (level 9, -18/70 HPs)
             Began as a Vine Stalker Berserker on Nov 6, 2014.
             Was a Priest of Trog.
             Demolished by a spiny frog (21 damage)
             ... on level 1 of the Lair of Beasts.
             The game lasted 00:07:37 (1279 turns).

timbw the Cleaver (Vine Stalker Berserker)          Turns: 1279, Time: 00:07:37

Health: -18/70     AC: 10    Str: 26    XL:     9   Next: 68%
Magic:  0/12       EV:  6    Int:  7    God:    Trog [***...]
Gold:   99         SH:  0    Dex: 16    Spells: 0 memorised, 8 levels left

rFire  . . .     SeeInvis .     p - +1 battleaxe (chop)
rCold  . . .     Clarity  .     t - +0 plate armour (curse)
rNeg   . . .     SustAb   .     (no shield)
rPois  .         Gourm    .     (no helmet)
rElec  .         Spirit   +     (no cloak)
rCorr  .         Warding  .     (no gloves)
rMut   .         Stasis   .     (no boots)
MR     +++..                    h - amulet of rage
Stlth  ..........               (no ring)
                                (no ring)

@: berserking, lethally poisoned, regenerating, very quick, extremely resistant
to hostile enchantments, extremely unstealthy
A: fangs 3, regeneration 2, magic shield, antimagic bite, no device heal 3, rot
immunity
a: Burn Spellbooks, Berserk, Trog's Hand, Renounce Religion, Evoke Berserk Rage


You were on level 1 of the Lair of Beasts.
You worshipped Trog.
Trog was most pleased with you.
You were not hungry.

You visited 2 branches of the dungeon, and saw 11 of its levels.

You collected 99 gold pieces.

Inventory:

Hand weapons
 a - a +0 hand axe
 m - a +0 battleaxe
 p - a +1 battleaxe of chopping (weapon)
 q - a cursed +0 war axe
Armour
 b - a +0 animal skin
 f - a +0 chain mail
 t - a cursed +0 plate armour (worn)
 u - a +1 pair of gloves
Jewellery
 h - an amulet of rage (around neck)
Magical devices
 s - a wand of fireball (5)
Scrolls
 e - 3 scrolls of remove curse
 k - a scroll of teleportation {unknown}
 r - a scroll of enchant armour {unknown}
Potions
 g - a potion of resistance {unknown}
 i - 5 potions of poison {unknown}
 j - 2 potions of curing {unknown}
 l - a potion of heal wounds {unknown}
 n - a potion of haste {unknown}
Comestibles
 c - 2 bread rations
 d - 2 meat rations
 o - 4 chunks of flesh


   Skills:
 + Level 5.3 Fighting
 * Level 10.2 Axes
 - Level 1.5 Armour
 + Level 4.4 Dodging


You had 8 spell levels left.
You didn't know any spells.

Dungeon Overview and Level Annotations

Branches:
Dungeon (10/15)            Temple (0/1) D:6            Lair (1/8) D:10
    Orc: D:9-12

Altars:
Dithmenos


Innate Abilities, Weirdness & Mutations

You have razor-sharp teeth.
You heal very quickly.
When hurt, damage is shared between your health and your magic reserves.
Your bite disrupts and absorbs the magic of your enemies.
Potions and wands cannot restore your health.
You are immune to rotting.


Message History

A red film seems to cover your vision as you go berserk!
You feel yourself moving faster!
You feel mighty!
You feel somewhat more hungry. The spiny frog stings you!
You slash the spiny frog! Your bite misses the spiny frog.
The spiny frog is moderately wounded.
The spiny frog stings you!
* * * LOW HITPOINT WARNING * * *
You are poisoned.
The spiny frog poisons you!
You hit the spiny frog but do no damage.
The spiny frog is moderately wounded.
You feel sick. The spiny frog stings you!
* * * LOW HITPOINT WARNING * * *
You are lethally poisoned!
The spiny frog poisons you!
You closely miss the spiny frog.
The spiny frog is moderately wounded.
* * * LOW HITPOINT WARNING * * *
You feel sick. The spiny frog stings you!!
You die...

### ##P######
#?......# #.......#
### #.......# #..
#.......## ####..
#........#####.....
#.@.....##......#..
#.F.....'..####.#..
#.......#.## ###..
##..P###### #..
#.... #.. ....###
### 8..## # .... #
..... #


You could see a spiny frog.

Vanquished Creatures
  Urug (D:10)
  A hill giant (D:9)
  2 wargs (D:10)
  A porcupine (Lair:1)
  An orc warrior (D:10)
  2 sky beasts (D:9)
  An ice beast (D:7)
  A crocodile (Lair:1)
  A big kobold (D:10)
  A centaur (D:8)
  2 giant frogs
  5 wights (D:8)
  A crimson imp (D:8)
  2 hounds
  An orc priest (D:10)
  2 iguanas
  A black bear skeleton (D:7)
  4 orc wizards
  A killer bee zombie (D:5)
  2 worker ants
  A hound zombie (D:9)
  A mummy (D:10)
  4 adders
  12 orcs
  6 bats
  3 goblins (D:7)
  4 hobgoblins
  12 jackals
  A ball python (D:1)
  A giant cockroach (D:1)
  A giant gecko (D:1)
  A giant newt (D:1)
  A giant spore (D:7)
  3 kobolds (D:10)
  3 rats
  2 ballistomycetes (D:7)
89 creatures vanquished.

Notes
Turn   | Place    | Note
--------------------------------------------------------------
     0 | D:1      | timbw, the Vine Stalker Berserker, began the quest for the Orb.
     0 | D:1      | Reached XP level 1. HP: 11/11 MP: 1/1
    28 | D:1      | Reached skill level 3 in Axes
    29 | D:1      | Reached XP level 2. HP: 13/16 MP: 3/3
   122 | D:2      | Acquired Trog's second power
   154 | D:2      | Reached XP level 3. HP: 7/19 MP: 1/4
   245 | D:4      | Reached skill level 4 in Axes
   273 | D:5      | Entered Level 5 of the Dungeon
   290 | D:5      | Reached XP level 4. HP: 23/23 MP: 5/5
   298 | D:5      | Reached skill level 5 in Axes
   298 | D:5      | Reached XP level 5. HP: 14/27 MP: 7/7
   340 | D:5      | Noticed a scorpion
   352 | D:6      | Found a staircase to the Ecumenical Temple.
   365 | D:6      | Noticed an orc warrior
   445 | D:7      | Found a shadowy altar of Dithmenos.
   483 | D:7      | Reached skill level 6 in Axes
   483 | D:7      | Gained mutation: You heal very quickly. [vine stalker growth]
   483 | D:7      | Reached XP level 6. HP: 9/32 MP: 4/8
   529 | D:7      | Noticed an ice beast
   544 | D:7      | Killed an ice beast
   666 | D:8      | Reached skill level 7 in Axes
   666 | D:8      | Reached XP level 7. HP: 34/35 MP: 9/9
   906 | D:9      | Noticed a hill giant
   913 | D:9      | Killed a hill giant
   913 | D:9      | Reached skill level 8 in Axes
   913 | D:9      | Gained mutation: You have razor-sharp teeth. [vine stalker growth]
   913 | D:9      | Reached XP level 8. HP: 31/41 MP: 11/11
  1014 | D:10     | Entered Level 10 of the Dungeon
  1037 | D:10     | Reached skill level 9 in Axes
  1066 | D:10     | Noticed Urug
  1078 | D:10     | Killed Urug
  1078 | D:10     | Reached XP level 9. HP: 7/46 MP: 4/12
  1142 | D:10     | Reached skill level 5 in Fighting
  1148 | D:10     | Reached skill level 10 in Axes
  1198 | D:10     | Found a staircase to the Lair.
  1210 | Lair:1   | Entered Level 1 of the Lair of Beasts
  1266 | Lair:1   | Noticed a spiny frog
  1278 | Lair:1   | HP: 3/70 [spiny frog (10)]
  1279 | Lair:1   | Demolished by a spiny frog

Action                   |  1- 3 |  4- 6 |  7- 9 || total
-------------------------+-------+-------+-------++-------
Melee: Hand axe          |    53 |    99 |     9 ||   161
       War axe           |       |       |    73 ||    73
       Battleaxe         |       |       |    40 ||    40
Invok: Berserk           |     4 |     1 |     4 ||     9
       Trog's Hand       |       |     5 |     3 ||     8
       Burn Spellbooks   |       |       |     1 ||     1
  Use: Scroll            |       |       |     5 ||     5
 Stab: Sleeping          |     2 |       |       ||     2
  Eat: Bread ration      |     1 |       |     1 ||     2
       Chunk             |       |       |     2 ||     2
       Pizza             |       |       |     1 ||     1
